 Dungeon Crawl Stone Soup version 0.31-a0-806-g0bc164a743 (webtiles) character file.

Game seed: 8714517677600243118

21 Bravepunisher the Ducker (level 2, -2/16 HPs)
             Began as a Spriggan Monk on Sept 20, 2023.
             Slain by an ice beast (14 damage)
             ... on level 5 of the Dungeon.
             The game lasted 00:04:59 (906 turns).

Bravepunisher the Ducker (Spriggan Monk)             Turns: 906, Time: 00:04:59

Health: -2/16      AC:  2    Str:  7    XL:     2   Next: 65%
Magic:  3/3        EV: 19    Int: 11    God:
Gold:   25         SH:  0    Dex: 17    Spells: 1/1 levels left

rFire   . . .        a - +0 short sword (flame)
rCold   . . .        d - orb {light}
rNeg    . . .        b - +0 robe
rPois   .            (helmet restricted)
rElec   .            (no cloak)
rCorr   .            (gloves unavailable)
SInv    +            (boots unavailable)
Will    .....        (no amulet)
Stlth   +            (no ring)
HPRegen 0.22/turn    (no ring)
MPRegen 0.08/turn

%: no passive effects
@: glowing, very quick
A: very small, no large weapons, unfitting armour, see invisible, speed 3
a: no special abilities


You were on level 5 of the Dungeon.
You visited 1 branch of the dungeon, and saw 6 of its levels.

You collected 25 gold pieces.

Inventory:

Hand Weapons
 a - a +0 short sword of flaming (weapon)
Armour
 b - a +0 robe (worn)
 d - an orb of light (worn)
Scrolls
 f - a scroll of immolation {unknown}
 j - a scroll of blinking {unknown}
 l - 3 scrolls of noise {unknown}
Potions
 c - a potion of ambrosia
 e - a potion of cancellation {unknown}
 i - a potion of heal wounds {unknown}
 k - a potion of haste {unknown}


   Skills:
 * Level 3.0 Fighting
 - Level 3.2 Short Blades
 + Level 4.4 Dodging


You had one spell level left.
You didn't know any spells.
Your spell library was empty.

Dungeon Overview and Level Annotations

Branches:
Dungeon (6/15)
 Temple: D:4-7

Altars:

Annotations:
D:6 Sigmund


Innate Abilities, Weirdness & Mutations

You are very small and have problems with some larger weapons.
You are too small for most types of armour.
You have supernaturally acute eyesight. (SInv)
You cover ground extremely quickly. (Speed+++)


Message History

You barely miss the hobgoblin. The hobgoblin completely misses you.
You hit the hobgoblin but do no damage. The hobgoblin closely misses you.
You hit the hobgoblin but do no damage. You barely miss the hobgoblin.
The hobgoblin completely misses you.
You hit the hobgoblin.
The hobgoblin is heavily wounded.
The hobgoblin misses you.
You hit the hobgoblin.
You kill the hobgoblin!
As you read the scroll labelled REKKATT QOGOA, it crumbles to dust.
It is a scroll of identify.
h - a scroll of teleportation
As you read the scroll labelled KIADUN KODWE, it crumbles to dust.
It is a scroll of brand weapon.
Your +0 short sword is engulfed in flames!
a - a +0 short sword of flaming (weapon)
As you read the scroll of teleportation, it crumbles to dust.
You feel strangely unstable.
Your surroundings suddenly seem different.
Found a scroll labelled KODUHU QEBA.
l - 3 scrolls labelled KODUHU QEBA (gained 1) HP restored.
There is an open door here.
f - a scroll labelled GOQOEJA VEBESCH
Things that are here:
4 stones; a +0 short sword; a kobold skeleton
Found an escape hatch in the floor.
There is an escape hatch in the floor here.
You slide downwards.
The hatch slams shut behind you.
The ogre shouts!
Found a scale mail.
The ogre attacks as it pursues you! The ogre closely misses you.
The ogre completely misses you. The ogre attacks as it pursues you!
The ogre closely misses you.
You see here a +0 dagger of pain.
The black bear growls angrily.
The hound barks!
The iguana hisses angrily.
The ice beast hits you. The ice beast freezes you!
Ouch! That really hurt!
You die...

...# ##.#.......# ...#
##.#....# ## ...#
#..#####... ..##
##).#....# ..# ##....#
.## #..### # .#
#..#############.. ##
#.##.......h...... #
##......@>......... #
#.......Y........h#
#..........>.l.....
#...................
#............h......
#....................
#...................##
#...........$......##
##...............###


You could see a black bear, an ice beast, an iguana and a hound.

Vanquished Creatures
  An orc (D:6)
  2 endoplasms (D:3)
  2 giant cockroaches (D:3)
  3 goblins (D:2)
  2 hobgoblins
  2 ball pythons
  3 bats
  2 kobolds
  A rat (D:2)
18 creatures vanquished.

Notes
Turn   | Place    | Note
-------+----------+-------------------------------------------
     0 | D:1      | Bravepunisher the Spriggan Monk began the quest for the
                  | Orb.
     0 | D:1      | Reached XP level 1. HP: 11/11 MP: 2/2
   129 | D:2      | Reached XP level 2. HP: 16/16 MP: 3/3
   348 | D:5      | Entered Level 5 of the Dungeon
   368 | D:4      | Noticed a scorpion
   525 | D:5      | Noticed an ice beast
   544 | D:5      | Noticed a black bear
   546 | D:6      | Noticed a water moccasin
   654 | D:6      | Noticed Sigmund
   838 | D:5      | Noticed an ogre
   906 | D:5      | Slain by an ice beast

Illustrated notes

Levels and vault maps discovered:
D:1:      lemuel_arrival_broad_hall, layout_basic, serial_shops,
          nicolae_shop_rolled_up, minmay_rat_gold_closets
D:2:      layout_loops_cross, dreamdust_princess_bridge
D:3:      kb_forest_paths, layout_loops_ring, mainiacjoe_overflow_catwalk_spiral
D:4:      layout_basic
D:5:      layout_cave_pods
D:6:      layout_loops_cross, mainiacjoe_overflow_alcove_4, serial_undead,
          serial_undead_e, serial_undead_c, serial_undead_f, serial_undead_a,
          serial_undead_d, serial_undead_c, serial_undead_d, serial_undead_f,
          serial_undead_b, serial_undead_b, grunt_decor_mini_mirrors,
          uniq_sigmund

Skill      XL: |  1  2 |
---------------+-------+-----
Fighting       | 3 |  3.0
Short Blades   | |  3.2
Dodging        | |  4.4

Action                     || total
---------------------------++-------
  Melee: Short sword       ||    68
    Use: Scroll            ||     3
 Armour: Robe              ||    24
  Dodge: Dodged            ||    78

Table legend: (Time is in decaauts)
 A = Elapsed time spent in this place.
 B = Non-inter-level travel time spent in this place.
 C = Inter-level travel time spent in this place.
 D = Time resting spent in this place.
 E = Time spent auto-exploring this place.
 F = Levels seen in this place.
 G = Mean time per level.
                   A        B        C        D        E       F      G
               +--------+--------+--------+--------+--------+-----+--------+
         Total |    583 |    583 |      0 |      0 |    152 |   6 |   97.2 |
       Dungeon |    583 |    583 |      0 |      0 |    152 |   6 |   97.2 |
               +--------+--------+--------+--------+--------+-----+--------+

Top non-repeatable levels by time:
     D:5: 158 daAuts
     D:4: 127 daAuts
     D:2: 122 daAuts
     D:3: 96 daAuts
     D:6: 68 daAuts
     D:1: 9 daAuts
